 Dungeon Crawl Stone Soup version 0.25-a0-730-g633e9c3c14 (webtiles) character file.

Game seed: 11650669596195149651, levelgen mode: deterministic

2 vurker the Bolt Thrower (level 1, -1/12 HPs)
             Began as a Kobold Hunter on Apr 7, 2020.
             Succumbed to a kobold's poison
             ... on level 1 of the Dungeon.
             The game lasted 00:00:27 (93 turns).

vurker the Bolt Thrower (Kobold Hunter)               Turns: 93, Time: 00:00:27

Health: -1/12      AC:  3    Str:  9    XL:     1   Next: 44%
Magic:  1/1        EV: 14    Int: 12    God:
Gold:   26         SH:  0    Dex: 15    Spells: 0/0 levels left

rFire    . . .     SeeInvis .   b - +0 short sword
rCold    . . .     Gourm    .   (shield restricted)
rNeg     . . .     Faith    .   c - +0 leather armour
rPois    .         Spirit   .   (no helmet)
rElec    .         Reflect  .   (no cloak)
rCorr    .         Harm     .   (no gloves)
MR       .....                  (no boots)
Stlth    ++........             (no amulet)
HPRegen  0.04/turn              (no ring)
MPRegen  0.07/turn              (no ring)

@: lethally poisoned (-1 -> -29)
A: small, carnivore
a: no special abilities


You were on level 1 of the Dungeon.
You were not hungry.

You visited 1 branch of the dungeon, and saw 1 of its levels.

You collected 26 gold pieces.

Inventory:

Hand Weapons
 a - a +1 hand crossbow
 b - a +0 short sword (weapon)
Missiles
 d - 20 bolts
Armour
 c - a +0 leather armour (worn)
Comestibles
 e - a ration


   Skills:
 + Level 2.3 Fighting
 * Level 4.9 Crossbows
 - Level 2.4 Dodging
 - Level 1.3 Stealth


You couldn't memorise any spells.
You didn't know any spells.
Your spell library was empty.

Dungeon Overview and Level Annotations

Branches:
Dungeon (1/15)

Altars:


Innate Abilities, Weirdness & Mutations

You are small and have problems with some larger weapons.
You are carnivorous and can eat meat at any time.


Message History

Found 12 gold pieces.
You now have 12 gold pieces.
A kobold comes into view.
The kobold shouts!
The kobold moves out of view.
The kobold is too close now for your liking.
A kobold is nearby!
The kobold closely misses you.
You hit the kobold but do no damage. The kobold barely misses you.
You barely miss the kobold. The kobold misses you.
You hit the kobold but do no damage. The kobold barely misses you.
You closely miss the kobold. The kobold closely misses you.
You hit the kobold. The kobold hits you.
You hit the kobold.
You kill the kobold!
No target in view!
No target in view!
Found 14 gold pieces.
You now have 26 gold pieces (gained 14).
A kobold comes into view. It is wielding a +0 dagger of venom.
Found an escape hatch in the floor.
A kobold is nearby!
There is an open door here.
The kobold shouts!
Found a pair of embroidered gloves.
You hit the kobold but do no damage.
The kobold hits you with a +0 dagger of venom.
You are lethally poisoned!
The kobold closely misses you.
You closely miss the kobold.
You feel sick.
The kobold hits you with a +0 dagger of venom.
You are more poisoned.
You closely miss the kobold.
* * * LOW HITPOINT WARNING * * *
You feel sick. The kobold hits you but does no damage.
You are more poisoned.
You hit the kobold.
You kill the kobold!
* * * LOW HITPOINT WARNING * * *
You feel very sick.
You aren't carrying any potions.
* * * LOW HITPOINT WARNING * * *
You feel sick.
Things that are here:
a +0 dagger of venom; a kobold corpse You don't know any spells.
You don't know any spells.
Unknown command.
You don't know any spells.
You die...

.#.#.# #####
#.##......####.# .#.....
#.######### #.# .###.#.#
##'## #.# <......#
##...## #.# .###.#.#
##.....## ####.## .# ..#
##.......## ##.##..# .#
####.[.......####...##.#
..
.'......)..'.......#.#
.# #...>.@...####...##.#
.. ##.......## ##.#...#
## ##.....## ###.###
##...## #.# ##+## #.#
#.# #.# #.# #.#


There were no monsters in sight!

Vanquished Creatures
  2 kobolds (D:1)
2 creatures vanquished.

Notes
Turn   | Place    | Note
-------+----------+-------------------------------------------
     0 | D:1      | vurker the Kobold Hunter began the quest for the Orb.
     0 | D:1      | Reached XP level 1. HP: 12/12 MP: 1/1
    93 | D:1      | Succumbed to a kobold's poison

Levels and vault maps discovered:
D:1:      roderic_chinese_lattice_arrival, layout_loops_corners

Action                   || total
-------------------------++-------
Melee: Short sword       ||    10
Armor: Leather armour    ||     1
Dodge: Dodged            ||     6

Table legend:
 A = Non-vault XP
 B = Vault XP
 C = Vault XP percentage of total XP
 D = Non-vault monster count
 E = Vault monster count
 F = Vault count percentage of total count
                 A         B        C        D         E       F
            +---------+---------+-------+---------+---------+-------
      Total |       4 |       0 |   0.0 |       2 |       0 |   0.0
            +---------+---------+-------+---------+---------+-------
        D:1 |       4 |       0 |   0.0 |       2 |       0 |   0.0
            +---------+---------+-------+---------+---------+-------
